 Dungeon Crawl Stone Soup version 0.29.1-15-g9cfb28693d (webtiles) character file.

Game seed: 2816974929785025571

248 cowcol the Chopper (level 5, -2/48 HPs)
             Began as a Minotaur Fighter on Apr 5, 2023.
             Slain by Natasha (7 damage)
             ... on level 4 of the Dungeon.
             The game lasted 00:07:52 (3533 turns).

cowcol the Chopper (Minotaur Fighter)               Turns: 3533, Time: 00:07:52

Health: -2/48      AC: 10    Str: 21      XL:     5   Next: 86%
Magic:  4/4        EV:  9    Int:  4 (5)  God:
Gold:   259        SH:  4    Dex: 11      Spells: 4/4 levels left

rFire   . . .      SeeInvis .   a - +0 war axe
rCold   . . .      Faith    .   c - +0 buckler
rNeg    . . .      Spirit   .   b - +0 scale mail
rPois   .          Reflect  .   (helmet restricted)
rElec   .          Harm     .   (no cloak)
rCorr   .          Rampage  .   (no gloves)
Will    .....                   p - +2 pair of boots
Stlth   ..........              (no amulet)
HPRegen 0.16/turn               (no ring)
MPRegen 0.09/turn               (no ring)

@: slowed, very slow
A: horns 2, retaliatory headbutt
a: no special abilities


You were on level 4 of the Dungeon.
You visited 1 branch of the dungeon, and saw 4 of its levels.

You collected 259 gold pieces.

Inventory:

Hand Weapons
 a - a +0 war axe (weapon)
Armour
 b - a +0 scale mail (worn)
 c - a +0 buckler (worn)
 p - a +2 pair of boots (worn)
 s - a +0 chain mail
Scrolls
 i - a scroll of poison
 k - 3 scrolls of blinking
 o - 3 scrolls of teleportation
 q - a scroll of fear {unknown}
 r - a scroll of vulnerability {unknown}
 t - a scroll of enchant weapon {unknown}
 u - a scroll of identify
Potions
 d - 2 potions of might
 e - a potion of lignification {unknown}
 f - a potion of flight
 g - a potion of curing
 h - a potion of resistance {unknown}
 j - a potion of haste {unknown}
 l - a potion of heal wounds {unknown}
 m - a potion of cancellation {unknown}
 n - a potion of brilliance


   Skills:
 + Level 5.0 Fighting
 + Level 5.3 Axes
 + Level 5.2 Armour
 - Level 3.6 Shields


You had 4 spell levels left.
You didn't know any spells.
Your spell library contained the following spells:

 Spells                   Type           Power      Damage    Failure   Level
 Magic Dart               Conj           0%         1d3       89%         1
 Sandblast                Erth           0%         2d4       89%         1
 Shock                    Conj/Air       0%         1d3       89%         1
 Sting                    Tmut/Pois      0%         1d3       89%         1
 Passwall                 Tmut/Erth      0%         N/A       96%         2
 Poisonous Vapours        Pois/Air       0%         N/A       96%         2
 Searing Ray              Conj           0%         2d4       96%         2
 Stone Arrow              Conj/Erth      0%         3d7       99%         3
 Swiftness                Air            0%         N/A       99%         3
 Airstrike                Air            0%         2d(0-16)  100%        4
 Fulminant Prism          Conj/Hex       0%         3d6       100%        4
 Olgreb's Toxic Radiance  Pois           0%         N/A       100%        4


Dungeon Overview and Level Annotations

Branches:
Dungeon (4/15)
 Temple: D:4-7

Altars:
Cheibriados
Gozag

Shops:
D:1 *   D:4 *

Annotations:
D:4 3 runed translucent doors, Natasha; SuperSeabass's ghost, novice OpSu


Innate Abilities, Weirdness & Mutations

You have a pair of horns on your head.
You reflexively headbutt those who attack you in melee.


Message History

Natasha, Servant of Life and Death comes into view.
She is carrying a wand of light (4).
Natasha is nearby!
Natasha is nearby!
Natasha hisses angrily.
Natasha stares at you and mumbles some strange words.
The magic dart hits you but does no damage.
Natasha stares at you and mumbles some strange words.
You feel yourself slow down.
There is an open door here.
Natasha zaps a wand.
The bolt of light hits you!
You are confused.
Natasha zaps a wand.
The bolt of light hits you!
You are more confused.
Natasha claws you but does no damage.
You bump into the rock wall.
Natasha zaps a wand.
The bolt of light hits you!
* * * LOW HITPOINT WARNING * * *
You miss Natasha. Your headbutt misses Natasha.
You feel less confused. Natasha closely misses you.
Natasha claws you but does no damage.
Natasha zaps a wand.
The bolt of light hits you.
* * * LOW HITPOINT WARNING * * *
The now-empty wand crumbles to dust.
You miss Natasha. You headbutt Natasha.
Natasha is moderately wounded.
Natasha claws you but does no damage.
Natasha mumbles some strange words.
Natasha glows brightly for a moment.
Natasha barely misses you.
You hit Natasha but do no damage.
Natasha is moderately wounded.
You block Natasha's attack.
You hit Natasha but do no damage. You headbutt Natasha.
Natasha is severely wounded.
Natasha mewls in sadness.
Natasha claws you but does no damage. Natasha claws you.
* * * LOW HITPOINT WARNING * * *
You completely miss Natasha. Your headbutt misses Natasha.
Natasha is severely wounded.
Natasha drinks a potion.
Natasha is healed!
Natasha claws you!
You die...

#..........).... #########
####.########... #.......#
########.########.#. #.......#
#................<#.
#.......######........########.#.
#......>.........................
#.......###########...########.#.
#.......'...#######..†### #...
#.......###....h@.'...'.# ####
#.#+###############...#.#####
#.#.# #.......#...........# #.#.#
###.#####.#.#....####.#
#.#.###.........#.#<...# #.#####
#.........#######.##.#.# ##'#....
#..............##......# #..)..##
#...###.######.##..#.### #.....#
..#.###.######)##..#.# #.....#


You could see Natasha.

Vanquished Creatures
  A hound (D:3)
  2 iguanas (D:4)
  Natasha (twice) (D:4)
  Robin (D:4)
  2 adders
  A dart slug (D:3)
  6 orcs
  6 bats
  5 endoplasms
  3 giant cockroaches
  16 goblins
  4 hobgoblins
  2 jackals (D:1)
  5 quokkas
  7 ball pythons
  2 frilled lizards
  5 kobolds
  5 rats
75 creatures vanquished.

Vanquished Creatures (others)
  2 fungi (D:4)
  2 plants (D:4)
4 creatures vanquished.

Grand Total: 79 creatures vanquished

Notes
Turn   | Place    | Note
-------+----------+-------------------------------------------
     0 | D:1      | cowcol the Minotaur Fighter began the quest for the Orb.
     0 | D:1      | Reached XP level 1. HP: 19/19 MP: 0/0
   111 | D:1      | Found Umebiupi's General Store.
   170 | D:1      | Reached XP level 2. HP: 27/27 MP: 1/1
   740 | D:2      | Reached XP level 3. HP: 33/33 MP: 2/2
   856 | D:2      | Identified the +1 robe "Eruthi Qiyh" {rC- Regen+ Dex+7}
  1296 | D:3      | Reached XP level 4. HP: 29/41 MP: 3/3
  1714 | D:3      | Found a faded altar of an unknown god.
  2434 | D:4      | Found a runed translucent gate.
  2434 | D:4      | Found a runed translucent gate.
  2434 | D:4      | Found a runed translucent gate.
  2435 | D:4      | Noticed SuperSeabass's ghost (novice OpSu)
  2440 | D:4      | Noticed a kobold brigand
  2635 | D:4      | Noticed Robin
  2635 | D:4      | Noticed Natasha
  2639 | D:4      | Reached XP level 5. HP: 47/47 MP: 4/4
  2651 | D:4      | Killed Robin
  2652 | D:4      | Killed Natasha
  2653 | D:4      | Reached skill level 5 in Axes
  2653 | D:4      | Reached skill level 5 in Armour
  2663 | D:4      | Noticed Natasha
  3129 | D:4      | Reached skill level 5 in Fighting
  3231 | D:4      | Found an opulent altar of Gozag.
  3236 | D:4      | Found Gozag's Platinum Reserve.
  3268 | D:4      | Found a snail-covered altar of Cheibriados.
  3429 | D:4      | Killed Natasha
  3522 | D:4      | Noticed Natasha
  3533 | D:4      | Slain by Natasha

Illustrated notes

Levels and vault maps discovered:
D:1:      nagdon_arrival_zigzag_paths, layout_basic, serial_shops,
          nicolae_shop_crystal, minmay_misc_feat_rows, interstate_on_off
D:2:      layout_basic
D:3:      layout_basic, basic_ecumenical_altar
D:4:      layout_basic, mainiacjoe_overflow_chevrons,
          nicolae_gozag_zags_fifth_avenue, gammafunk_ghost_nasty_kobolds,
          uniq_natasha, uniq_robin

Skill      XL: |  1  2  3  4  5 |
---------------+----------------+-----
Armour         | 4 5 |  5.2
Fighting       | 4 5 |  5.0
Axes           | 3 4 5 |  5.3
Shields        | |  3.6

Action                   |  1- 3 |  4- 6 || total
-------------------------+-------+-------++-------
Melee: War axe           |    67 |    72 ||   139
       Headbutt          |     7 |    10 ||    17
  Use: Potion            |     1 |     2 ||     3
       Scroll            |     5 |     1 ||     6
Armor: Scale mail        |    35 |    34 ||    69
Dodge: Dodged            |    40 |    26 ||    66
Block: Buckler           |    14 |     3 ||    17
